AoeStats
← ♕ ToM ♡

Arena

509573384Analyzed
1v1 RM · 6d ago on Sep 27, 2026· 59m 48s· 2 players
Game mode
Random Map
Map size
Tiny (2 player)
Population
200
Speed
Normal
Resources
Standard
Victory
Conquest
Starting age
Dark Age
Ending age
Imperial Age
RankedLock teamsTeams togetherTeam positionsShared explorationLock speedFull tech treeHidden civsTurbo modeCheats
Victory
Defeat
🇸🇰 Wei · Slovakia
705
+16
🇹🇷 Portuguese · Türkiye
713
-16
♕ ToM ♡
11:17 Feudal Age
12:42 Double-Bit Axe
13:28 Horse Collar
14:49 Loom
17:21 Castle Age
16:28 Gold Mining
17:42 Fletching
18:39 Bow Saw
19:36 Gold Shaft Mining
22:08 Heavy Plow
24:11 Husbandry
24:27 Forging
26:28 Light Cavalry
27:19 Bloodlines
28:25 Iron Casting
27:56 Scale Barding Armor
32:03 Imperial Age
30:11 Wheelbarrow
30:48 Bodkin Arrow
30:59 Scale Barding Armor
30:54 Bodkin Arrow
32:11 Hand Cart
33:29 Ming Guang Armor
33:34 Conscription
34:45 Blast Furnace
34:40 Crop Rotation
34:34 Chain Barding Armor
34:12 Heavy Hei Guang Cavalry
35:08 Stone Mining
36:27 Treadmill Crane
37:00 Masonry
37:37 Stone Shaft Mining
36:50 Town Watch
37:42 Elite Tiger Cavalry
39:38 Parthian Tactics
40:38 Town Patrol
41:01 Ballistics
41:43 Chemistry
40:47 Bracer
40:48 Padded Archer Armor
42:40 Murder Holes
42:56 Fortified Wall
42:39 Guard Tower
44:49 Hussar
45:43 Thumb Ring
51:05 Tuntian
51:43 Hoardings
Uzmanrep1975b
11:33 Feudal Age
12:11 Double-Bit Axe
15:40 Castle Age
14:01 Horse Collar
15:22 Wheelbarrow
16:58 Bow Saw
16:50 Heavy Plow
19:19 Fervor
21:43 Hand Cart
27:14 Imperial Age
28:21 Loom
30:08 Chemistry
29:29 Ballistics
29:16 Siege Engineers
29:22 Masonry
29:24 Fortified Wall
30:03 Bloodlines
31:15 Husbandry
32:05 Thumb Ring
31:22 Elite Skirmisher
31:57 Town Watch
32:22 Cavalier
34:25 Bombard Tower
35:17 Gambesons
34:53 Man-at-Arms
35:32 Fletching
35:43 Padded Archer Armor
35:54 Forging
35:50 Scale Barding Armor
35:46 Scale Mail Armor
37:10 Stone Mining
37:11 Gold Mining
36:56 Onager
37:49 Pikeman
40:10 Two-Man Saw
38:50 Halberdier
39:50 Chain Mail Armor
41:47 Leather Archer Armor
44:19 Crop Rotation
44:32 Town Patrol
47:54 Conscription
46:56 Elite Organ Gun
49:22 Plate Mail Armor
49:28 Iron Casting
50:30 Long Swordsman
51:43 Ring Archer Armor
52:29 Architecture
51:55 Murder Holes
52:18 Arquebus
58:26 Bodkin Arrow
59:32 Blast Furnace
Connection lost

Rejoining the realm…

Still unreachable

The connection could not be restored.

Session expired

The server has moved on; the page needs a fresh start.